 Dungeon Crawl Stone Soup version 0.30.1-3-gfc49f6343a (webtiles) character file.

Game seed: 12413655152780697350

1450 Zeor the Thaumaturge (level 8, -9/42 HPs)
             Began as a Deep Elf Ice Elementalist on Aug 4, 2023.
             Was an Initiate of Sif Muna.
             Shot with a sling bullet by Joseph (12 damage)
             ... on level 7 of the Dungeon.
             The game lasted 00:21:30 (6903 turns).

Zeor the Thaumaturge (Deep Elf Ice Elementalist)    Turns: 6903, Time: 00:21:31

Health: -9/42      AC: 12    Str:  5    XL:     8   Next: 47%
Magic:  15/24      EV: 13    Int: 23    God:    Sif Muna [......]
Gold:   227        SH:  0    Dex: 15    Spells: 14/28 levels left

rFire   . . .        a - +1 quarterstaff (freeze)
rCold   . . .        (shield currently unavailable)
rNeg    . . .        p - +0 robe
rPois   .            q - +1 helmet
rElec   .            (no cloak)
rCorr   .            (no gloves)
SInv    .            (no boots)
Will    .....        (no amulet)
Stlth   +++          (no ring)
HPRegen 0.27/turn    (no ring)
MPRegen 0.19/turn

%: no passive effects
@: ice-armoured, freezing walls
A: no striking features
a: Renounce Religion


You were on level 7 of the Dungeon.
You worshipped Sif Muna.
Sif Muna was noncommittal.
You visited 2 branches of the dungeon, and saw 8 of its levels.

You collected 227 gold pieces.

Inventory:

Hand Weapons
 a - a +1 quarterstaff of freezing (weapon)
 c - a +1 short sword
 g - a +3 heavy scythe
Missiles
 f - 13 poisoned darts
Armour
 p - a +0 robe (worn)
 q - a +1 helmet (worn)
Magical Staves
 j - a staff of fire
Jewellery
 l - a +6 ring of strength
Wands
 m - a wand of charming (10)
 o - a wand of light (9)
Scrolls
 r - 2 scrolls of identify
Potions
 b - 2 potions of magic
 d - 5 potions of curing
 e - a potion of resistance
 i - 3 potions of brilliance
 k - a potion of flight
 n - a potion of might


   Skills:
 + Level 0.4 Fighting
 + Level 0.7 Polearms
 + Level 2.9 Dodging
 + Level 4.1 Stealth
 * Level 10.8 Spellcasting
 + Level 7.8 Ice Magic
 * Level 0.5 Invocations


You had 14 spell levels left.
You knew the following spells:

 Your Spells              Type           Power      Damage    Failure   Level
a - Freeze                Ice            100%       1d10      1%          1
b - Frozen Ramparts       Ice            96%        1d15      1%          3
c - Ozocubu's Armour      Ice            48%        N/A       1%          3
d - Summon Ice Beast      Ice/Summ       30%        N/A       11%         4
e - Blink                 Tloc           24%        N/A       8%          2
f - Shock                 Conj/Air       48%        1d6       5%          1

Your spell library contained the following spells:

 Spells                   Type           Power      Damage    Failure   Level
 Beastly Appendage        Tmut           24%        N/A       5%          1
 Lesser Beckoning         Tloc           24%        N/A       8%          2
 Momentum Strike          Conj/Tloc      24%        3d8       8%          2
 Wereblood                Tmut           12%        N/A       8%          2
 Spider Form              Tmut/Pois      12%        N/A       16%         3
 Swiftness                Air            12%        N/A       16%         3
 Airstrike                Air            6%         2d(1-17)  45%         4
 Fireball                 Conj/Fire      6%         3d5       82%         5
 Iskenderun's Battlesphe  Conj           12%        2d7       82%         5
 Conjure Ball Lightning   Conj/Air       6%         3x3d6     100%        6
 Orb of Destruction       Conj           6%         9d6       100%        7


Dungeon Overview and Level Annotations

Branches:
Dungeon (7/15)             Temple (1/1) D:6

Altars:
Ashenzari
Cheibriados
Dithmenos
Elyvilon
Fedhas
Gozag
Hepliaklqana
Kikubaaqudgha
Makhleb
Okawaru
Ru
Sif Muna
Trog
Uskayaw
Wu Jian
Xom
Yredelemnul
Zin
The Shining One

Annotations:
D:6 2 runed translucent doors, Stellion's ghost, novice HuFi
D:7 Joseph


Message History

You climb downwards.
There is a stone staircase leading up here.
Found a stone staircase leading down.
Joseph, a Mercenary comes into view.
He is wielding a +1 quarterstaff of distortion.
Found a glowing long sword.
Press: ? - help, v - describe, . - travel, g - get item Item here: a glowing long sword.
The floor.
Casting: Ozocubu's Armour (safe; 1% risk of failure)
Confirm with . or Enter, or press ? or * to list all spells.
The spell is quite dangerous to miscast (11% risk of failure)!
Continue anyway?
A chill wind blows around you.
Joseph shouts!
Joseph unwields a +1 quarterstaff of distortion.
Its appearance distorts for a moment.
Joseph wields a +2 sling of electrocution.
You hear the crackle of electricity.
Joseph shoots a sling bullet.
The sling bullet misses you.
Casting: Summon Ice Beast (quite dangerous; 11% risk of failure)
Confirm with . or Enter, or press ? or * to list all spells.
A film of ice covers your body!
Joseph shoots a sling bullet.
The sling bullet misses you.
Casting: Ozocubu's Armour (safe; 1% risk of failure)
Confirm with . or Enter, or press ? or * to list all spells.
Casting: Frozen Ramparts (safe; 1% risk of failure)
Press: ? - help, Dir - look around, f - activate The walls around you are covered in ice.
Joseph shoots a sling bullet.
The sling bullet hits you.
Your ice beast hits Joseph but does no damage.
Joseph tries to grin evilly.
Joseph shoots a sling bullet.
The sling bullet misses you.
Your ice beast closely misses Joseph.
Joseph shoots a sling bullet.
The sling bullet barely misses you.
Your ice beast hits Joseph.
Your ice beast freezes Joseph.
Joseph shoots a sling bullet.
The sling bullet hits you!
Your ice beast hits Joseph.
Your ice beast freezes Joseph.
Joseph shoots a sling bullet.
The sling bullet hits you!!
* * * LOW HITPOINT WARNING * * *
You are electrocuted!
You die...

▒▒▒▒▒∙∙∙▒▒▒▒▒▒▒
∙∙∙∙∙∙∙▒∙∙∙∙∙▒▒▒
∙∙∙∙∙∙∙▒∙∙∙∙∙▒
∙∙∙∙∙∙∙▒∙∙∙∙∙▒
∙∙∙∙∙∙∙▒∙∙∙∙∙▒
∙∙∙∙∙∙∙▒▒▒▒∙▒▒
∙∙∙∙∙∙∙▒▒ ▒∙▒
∙∙∙∙∙∙∙∙▒▒▒∙▒
∙∙∙∙∙∙∙∙e▒▒∙▒▒
∙∙∙∙∙Y∙▒∙∙∙∙∙▒
∙∙∙∙∙@∙▒▒▒▒∙∙▒


∙∙∙∙∙∙∙ ▒∙∙▒ ∙∙∙∙∙∙∙ ▒∙∙▒ ∙∙)∙∙∙∙ ▒∙∙▒ ∙∙∙∙∙∙∙ ▒∙∙▒ ∙∙∙∙∙∙∙ ▒∙∙> ▒▒▒▒ You could
see Joseph (ally target) and a friendly ice beast (summoned).

Vanquished Creatures
  Sigmund (D:3)
  2 water moccasins
  An ice beast (D:5)
  A black bear (D:5)
  2 centaurs (D:5)
  A bullfrog (D:6)
  A scorpion (D:5)
  A howler monkey (D:5)
  4 hounds
  A gnoll bouda (D:4)
  A jelly (D:6)
  An orc priest (D:5)
  2 iguanas
  Jessica (D:3)
  Natasha (thrice) (D:2)
  6 gnolls
  8 adders
  A white imp (D:6)
  A worm (D:5)
  4 dart slugs
  9 orcs
  9 endoplasms
  A giant cockroach (D:2)
  8 goblins
  6 hobgoblins
  7 jackals
  4 quokkas
  5 ball pythons
  8 bats
  4 frilled lizards
  6 kobolds
  A rat (D:3)
111 creatures vanquished.

Notes
Turn   | Place    | Note
-------+----------+-------------------------------------------
     0 | D:1      | Zeor the Deep Elf Ice Elementalist began the quest for the
                  | Orb.
     0 | D:1      | Reached XP level 1. HP: 10/10 MP: 6/6
   274 | D:1      | Reached XP level 2. HP: 7/15 MP: 5/8
   990 | D:2      | Reached skill level 4 in Spellcasting
   990 | D:2      | Reached XP level 3. HP: 10/19 MP: 3/10
  1033 | D:2      | Learned a level 3 spell: Frozen Ramparts
  1037 | D:2      | Learned a level 3 spell: Ozocubu's Armour
  1067 | D:2      | Found a faded altar of an unknown god.
  1129 | D:2      | Reached skill level 5 in Ice Magic
  1252 | D:2      | Noticed Natasha
  1261 | D:2      | Killed Natasha
  1262 | D:2      | Reached skill level 5 in Spellcasting
  1262 | D:2      | Reached XP level 4. HP: 24/24 MP: 2/13
  1457 | D:2      | Noticed Natasha
  1464 | D:2      | Killed Natasha
  1769 | D:2      | Noticed Natasha
  1774 | D:2      | Killed Natasha
  1775 | D:2      | Reached XP level 5. HP: 14/28 MP: 8/15
  2029 | D:2      | Learned a level 4 spell: Summon Ice Beast
  2592 | D:3      | Noticed Jessica
  2595 | D:3      | Killed Jessica
  2942 | D:3      | Noticed Sigmund
  3104 | D:3      | Killed Sigmund
  3105 | D:3      | Reached skill level 7 in Spellcasting
  3105 | D:3      | Reached XP level 6. HP: 31/32 MP: 4/18
  4086 | D:4      | Found a white marble altar of Elyvilon.
  4484 | D:5      | Entered Level 5 of the Dungeon
  4511 | D:5      | Noticed an ice beast
  4545 | D:5      | Reached XP level 7. HP: 36/36 MP: 16/20
  4640 | D:5      | Found a hide-covered altar of Uskayaw.
  4662 | D:5      | Reached skill level 8 in Spellcasting
  4978 | D:5      | Reached skill level 9 in Spellcasting
  5142 | D:5      | Found a bloodstained altar of Trog.
  5142 | D:5      | Found a sacrificial altar of Ru.
  5143 | D:5      | Found an iron altar of Okawaru.
  5399 | D:5      | Found an ornate altar of the Wu Jian Council.
  5405 | D:5      | Reached XP level 8. HP: 21/41 MP: 13/23
  5460 | D:5      | Learned a level 2 spell: Blink
  5634 | D:6      | Found a large runed translucent door.
  5634 | D:6      | Found a large runed translucent door.
  5638 | D:6      | Noticed Stellion's ghost (novice HuFi)
  5753 | D:6      | Found a glowing silver altar of Zin.
  5883 | D:6      | Reached skill level 10 in Spellcasting
  6388 | D:6      | Found a staircase to the Ecumenical Temple.
  6407 | D:6      | Learned a level 1 spell: Shock
  6408 | Temple   | Entered the Ecumenical Temple
  6486 | Temple   | Became a worshipper of Sif Muna the Loreminder
  6893 | D:7      | Noticed Joseph
  6903 | D:7      | Shot with a sling bullet by Joseph

Illustrated notes

Levels and vault maps discovered:
D:1:      reono_arrival_forest_river, layout_basic
D:2:      layout_basic, nicolae_ecumenical_pavilion, serial_co_window_serial,
          co_window_corner_a, co_window_cross_1, co_window_paths_a,
          co_window_paths_b, co_window_corner_a, co_window_corner_a,
          co_window_of_opportunity_a, co_window_of_opportunity_a,
          co_window_paths_a, co_window_broadway_a, co_window_corner_b,
          co_window_corner_ca, co_window_2corner, co_window_broadway_b,
          glass_columns_a, kennysheep_generic_room_14, uniq_natasha
D:3:      layout_basic, serial_bayou, serial_bayou_crossing,
          serial_bayou_lake_a, serial_bayou_lagoon_a, serial_bayou_pond_b,
          uniq_jessica, uniq_sigmund
D:4:      layout_basic, kennysheep_mini
D:5:      layout_loops_ring, overflow_temple_1_default,
          mainiacjoe_overflow_cross_hatched, gammafunk_temple_overflow_claw
D:6:      layout_cave_pods, mainiacjoe_overflow_24_doors,
          minmay_temple_entry_offerings, ebering_ghost_disaster_area,
          kennysheep_nondescript, minmay_misc_feat_rows
D:7:      minmay_bubble_buster, layout_basic, gammafunk_ghost_stat_death,
          amcnicky_mini_pool_medium, uniq_menkaure, uniq_joseph, uniq_pikel
Temple:   chequers_temple_sunken

Skill      XL: |  1  2  3  4  5  6  7  8 |
---------------+-------------------------+-----
Spellcasting   | 4 5 7 9 10 | 10.8
Ice Magic      | 5 6 7 |  7.8
Stealth        | 3 4 |  4.1
Fighting       | |  0.4
Polearms       | |  0.7
Dodging        | |  2.9
Invocations    | |  0.5

Action                     |  1- 3 |  4- 6 |  7- 9 || total
---------------------------+-------+-------+-------++-------
  Melee: Short sword       |    10 |     5 |       ||    15
         Halberd           |       |     7 |    17 ||    24
   Cast: Freeze            |    34 |    33 |    32 ||    99
         Frozen Ramparts   |     5 |    20 |    15 ||    40
         Ozocubu's Armour  |     2 |     6 |     9 ||    17
         Summon Ice Beast  |       |     1 |     1 ||     2
    Use: Scroll            |     5 |     5 |     4 ||    14
         Potion            |       |     3 |     1 ||     4
   Stab: Sleeping          |     2 |     3 |       ||     5
         Distracted        |       |       |     1 ||     1
 Armour: Robe              |     6 |     6 |    14 ||    26
         Skin              |       |     1 |       ||     1
  Dodge: Dodged            |    23 |    21 |    39 ||    83
